[Event "25th Mediterranean Flower 2025"]
[Site "Rijeka"]
[Date "2025.03.03"]
[Round "3.2"]
[White "Berke, Ana"]
[Black "Ivekovic, Tihana"]
[Result "1/2-1/2"]
[Annotator "NA"]
[ECO "C54"]
[WhiteElo "2119"]
[BlackElo "2089"]
[PlyCount "72"]
[EventDate "2025.03.02"]
[EventType "tourn"]
[EventCountry "CRO"]
[SourceTitle "playchess.com"]
[Source "ChessBase"]
[SourceQuality "1"]
[TimeControl "5400+30"]

1. e4 e5 2. Nf3 Nc6 3. Bc4 Bc5 4. c3 Nf6 5. b4 Be7 6. d3 a6 7. O-O O-O 8. Re1 d6 9. a4 h6 10. Nbd2 Nh7 11. Nf1 Ng5 12. Ne3 Be6 13. Nf5 Bxc4 14. dxc4 Nxf3+ 15. Qxf3 Bg5 16. Be3 Bxe3 17. fxe3 Qf6 18. Rf1 Ne7 19. g4 Rae8 20. Ra2 Nxf5 21. gxf5 Kh7 22. Rg2 c6 23. Kh1 Rd8 24. Rfg1 Rg8 25. a5 Rd7 26. Rd2 Rdd8 27. Rgd1 Rge8 28. Qg4 Rd7 29. c5 Red8 30. c4 Kg8 31. Rd3 Kf8 32. R1d2 Ke8 33. Kg2 dxc5 34. Rxd7 Rxd7 35. Rxd7 Kxd7 36. bxc5 Qg5 1/2-1/2

[Event "25th Mediterranean Flower 2025"]
[Site "Rijeka"]
[Date "2025.03.03"]
[Round "3.3"]
[White "Hajdinic, Ema"]
[Black "Zagorac, Lara"]
[Result "1/2-1/2"]
[Annotator "NA"]
[ECO "C68"]
[WhiteElo "1914"]
[BlackElo "2061"]
[PlyCount "51"]
[EventDate "2025.03.02"]
[EventType "tourn"]
[EventCountry "CRO"]
[SourceTitle "playchess.com"]
[Source "ChessBase"]
[SourceQuality "1"]
[TimeControl "5400+30"]

1. e4 e5 2. Nf3 Nc6 3. Bb5 a6 4. Bxc6 dxc6 5. O-O Bg4 6. h3 Bxf3 7. Qxf3 Bd6 8. d3 Ne7 9. Nd2 O-O 10. Nc4 Qd7 11. Qg3 f5 12. Nxd6 cxd6 13. f4 fxe4 14. dxe4 d5 15. Be3 exf4 16. Bxf4 dxe4 17. Rad1 Qe8 18. Bd6 Rd8 19. Rfe1 Qf7 20. Qb3 Qxb3 21. axb3 Rf7 22. Bxe7 Rxd1 23. Rxd1 Rxe7 24. Kf2 e3+ 25. Ke2 Kf7 26. Rf1+ 1/2-1/2

[Event "25th Mediterranean Flower 2025"]
[Site "Rijeka"]
[Date "2025.03.03"]
[Round "3.4"]
[White "Vidic, Teja"]
[Black "Kejzar, Petra"]
[Result "0-1"]
[Annotator "NA RC"]
[ECO "A14"]
[WhiteElo "2088"]
[BlackElo "2052"]
[PlyCount "120"]
[EventDate "2025.03.02"]
[EventType "tourn"]
[EventCountry "CRO"]
[SourceTitle "playchess.com"]
[Source "ChessBase"]
[SourceQuality "1"]
[TimeControl "5400+30"]

1. Nf3 d5 2. c4 c6 3. b3 Nf6 4. Bb2 e6 5. g3 Be7 6. Bg2 O-O 7. O-O Nbd7 8. d3 b6 9. Nbd2 Bb7 10. Rc1 a5 11. a3 Re8 12. Rc2 Bf8 13. Qa1 c5 14. e3 a4 15. Ne5 axb3 16. Nxb3 Nxe5 17. Bxe5 Nd7 18. Bb2 Bc6 19. Rd2 Qc8 20. Nc1 dxc4 21. dxc4 Bxg2 22. Kxg2 Qb7+ 23. Kg1 Nb8 24. Rfd1 Qe4 25. Qa2 Nc6 26. Bc3 h5 27. h4 Ra4 28. Ne2 Rea8 29. Qb2 R8a6 30. Qb5 Rxa3 31. Bb2 R3a5 32. Qb3 Ne5 33. Bxe5 Qxe5 34. Nf4 Ra1 35. Kh2 R6a3 36. Qxb6 Rxd1 37. Rxd1 Ra2 38. Kg1 Rb2 39. Qd8 Qf5 40. Qa8 Qc2 41. Qf3 Qxc4 42. Qxh5 Qc2 43. Qf3 Rb1 44. Rxb1 Qxb1+ 45. Kg2 c4 46. Qc6 Qb3 47. Ne2 Qd3 48. Nf4 Qc2 49. Nh3 c3 50. Ng5 Qb3 51. Qc7 e5 52. Kh2 c2 53. Nxf7 Ba3 54. Qc8+ Kxf7 55. Qf5+ Kg8 56. Qc8+ Bf8 57. h5 Qd3 58. Qe6+ Kh7 59. Qc8 Ba3 60. h6 c1=Q 0-1

[Event "25th Mediterranean Flower 2025"]
[Site "Rijeka"]
[Date "2025.03.03"]
[Round "3.5"]
[White "Doluhanova, Evgeniya"]
[Black "Medic, Mirjana"]
[Result "0-1"]
[Annotator "RC"]
[ECO "A40"]
[WhiteElo "2272"]
[BlackElo "2069"]
[PlyCount "132"]
[EventDate "2025.03.02"]
[EventType "tourn"]
[EventCountry "CRO"]
[SourceTitle "playchess.com"]
[Source "ChessBase"]
[SourceQuality "1"]
[TimeControl "5400+30"]

1. d4 e6 2. c3 f5 3. e4 fxe4 4. Qc2 Nf6 5. Bg5 d5 6. f3 exf3 7. Nxf3 Be7 8. Bd3 Nbd7 9. Nbd2 c5 10. O-O Qb6 11. Rae1 c4 12. Bxh7 Rxh7 13. Qg6+ Kd8 14. Bxf6 Nxf6 15. Ng5 Rh4 16. Nf7+ Kd7 17. Ne5+ Kd8 18. Qxg7 Ne8 19. Qg3 Rh7 20. Nf7+ Kd7 21. Nf3 Bd6 22. Qg6 Rxf7 23. Qxe6+ Kc7 24. Qxf7+ Bd7 25. Ng5 Qc6 26. b4 cxb3 27. axb3 Rc8 28. c4 Kb8 29. c5 Bc7 30. b4 Qh6 31. Nf3 Bb5 32. Rf2 Nf6 33. Ne5 Ne4 34. Qf4 Qg7 35. Rf3 a6 36. Qf5 Rg8 37. g3 Qh6 38. Qf4 Ng5 39. Kg2 Qh3+ 40. Kh1 Nxf3 41. Qxf3 Rh8 42. Qf2 Bxe5 43. Rxe5 Bd3 44. Re7 Be4+ 45. Kg1 Qh6 46. h4 Rf8 47. Rf7 Rxf7 48. Qxf7 Qe3+ 49. Qf2 Qc1+ 50. Qf1 Qc3 51. Qf2 Qxb4 52. g4 Qb1+ 53. Kh2 Qc2 54. Kg3 Qxf2+ 55. Kxf2 a5 56. Ke3 a4 57. Kd2 Bf3 58. g5 Bh5 59. Kc3 Ka7 60. Kb4 Be8 61. Ka3 Ka6 62. Kb4 b5 63. cxb6 Kxb6 64. h5 Bxh5 65. Kxa4 Bg6 66. Kb4 Be8 0-1